 Dungeon Crawl Stone Soup version 0.16-a0-3749-g20dbed2 (webtiles) character file.

223392 Luckoftehdraw the Peltast (level 19, -5/124 HPs)
             Began as a Gargoyle Fighter on Jan 23, 2015.
             Was an Initiate of Okawaru.
             Slain by a deep troll (8 damage)
             ... led by an ironheart preserver
             ... on level 3 of the Vaults.
             The game lasted 03:55:09 (32347 turns).

Luckoftehdraw the Peltast (Gargoyle Fighter)       Turns: 32347, Time: 03:55:10

Health: -5/124     AC: 26    Str: 31      XL:     19   Next: 26%
Magic:  45/45      EV: 10    Int: 14 (15) God:    Okawaru [......]
Gold:   2789       SH: 32    Dex:  5      Spells: 3 memorised, 33 levels left

rFire  + + .     SeeInvis .     q - +6 morningstar of Inference {crush, rPois+ rF++ rC+ rN+ Int+4}
rCold  + . .     Clarity  .     (no armour)
rNeg   + + .     SustAb   .     T - +8 large shield "Eqinov" {MP+9 Str+6}
rPois  ∞         Gourm    .     J - +2 helmet
rElec  +         Spirit   .     D - +2 cloak {MR+}
rCorr  .         Warding  .     L - +2 pair of gloves {Str+3}
rMut   .         Stasis   .     F - +1 pair of boots of Pyunom {+Blink Int-4 Dex-4}
MR     +++..                    u - amulet of faith
Stlth  +.........               U - +4 ring of slaying
                                G - ring of protection from magic

@: about to teleport, flying, constricted, extremely resistant to hostile
enchantments, very unstealthy
A: able to fly continuously, big wings, negative energy resistance 1,
electricity resistance, unbreathing, petrification resistance, rot immunity, AC
+13
a: Stop Flying, Renounce Religion, Evoke Blink
}: 1/15 runes: barnacled


You were on level 3 of the Vaults.
You worshipped Okawaru.
Okawaru was noncommittal.
You were hungry.

You visited 7 branches of the dungeon, and saw 34 of its levels.
You also visited: Trove and Volcano.

You collected 3384 gold pieces.
You spent 595 gold pieces at shops.

Inventory:

Hand weapons
 e - the +3 morningstar of Corporal Punishment {flame, rF- MR++ Int+4}
   (You bought it in a shop on level 11 of the Dungeon)

   It emits flame when wielded, causing extra injury to most foes and up to half
   again as much damage against particularly susceptible opponents.
   It affects your intelligence (+4).
   It makes you vulnerable to fire.
   It affects your resistance to hostile enchantments.
 g - the +8 trident of Shouny {pierce, Dex+4}
   (You bought it in a shop on level 11 of the Dungeon)

   It inflicts extra damage upon your enemies.
   It affects your dexterity (+4).
 q - the +6 morningstar of Inference (weapon) {crush, rPois+ rF++ rC+ rN+ Int+4}
   (Okawaru gifted it to you on level 1 of the Lair of Beasts)

   It inflicts extra damage upon your enemies.
   It affects your intelligence (+4).
   It greatly protects you from fire.
   It protects you from cold.
   It protects you from poison.
   It protects you from negative energy.
Armour
 D - a +2 cloak of magic resistance (worn)
 F - the +1 pair of boots of Pyunom (worn) {+Blink Int-4 Dex-4}
   (You acquired it on level 5 of the Lair of Beasts)

   It affects your intelligence (-4).
   It affects your dexterity (-4).
   It lets you blink.
 J - a +2 helmet (worn)
 L - a +2 pair of gloves of strength (worn)
 R - the +6 chain mail of Sutir {rElec Int-4 Dex+2 Stlth+}
   (You found it on level 11 of the Dungeon)

   It affects your intelligence (-4).
   It affects your dexterity (+2).
   It insulates you from electricity.
   It makes you more stealthy.
 T - the +8 large shield "Eqinov" (worn) {MP+9 Str+6}
   (Okawaru gifted it to you on level 2 of the Shoals)

   It affects your strength (+6).
   It affects your magic capacity (+9).
Jewellery
 u - an amulet of faith (around neck)
 G - a ring of protection from magic (left hand)
 K - an uncursed amulet of warding
 U - a +4 ring of slaying (right hand)
Magical devices
 i - a wand of confusion (22)
 m - a wand of teleportation (4)
 N - a wand of digging (6)
 O - a wand of heal wounds (6)
 P - a wand of disintegration (7)
 Y - a wand of disintegration (3)
Scrolls
 f - 10 scrolls of teleportation
 n - 14 scrolls of remove curse
 o - 2 scrolls of fog
 r - 5 scrolls of enchant weapon
 s - 6 scrolls of fear
 t - 2 scrolls of blinking
 M - 4 scrolls of recharging
 Q - a scroll of summoning
 W - 4 scrolls of magic mapping
 Z - 2 scrolls of immolation
Potions
 h - 8 potions of curing
 p - 2 potions of brilliance
 w - 2 potions of haste
 x - 3 potions of berserk rage
 z - 2 potions of resistance
 A - 3 potions of cancellation
 B - 2 potions of agility
 C - a potion of lignification
 E - a potion of invisibility
 H - a potion of heal wounds
 I - 2 potions of magic
 S - 3 potions of might
Miscellaneous
 a - a plain deck of escape {the Cloud, drawn: 2}
 X - a box of beasts
Comestibles
 j - 16 meat rations
 k - 19 bread rations


   Skills:
 + Level 15.0 Fighting
   Level 4.1(10.7) Axes
 + Level 16.0(16.2) Maces & Flails
 + Level 12.2 Armour
 + Level 20.6 Shields
 + Level 11.0 Spellcasting
 + Level 5.6 Summonings
 + Level 0.2 Transmutations
 + Level 7.6 Earth Magic
 + Level 8.0 Invocations
 + Level 1.2 Evocations


You had 33 spell levels left.
You knew the following spells:

 Your Spells              Type           Power        Failure   Level  Hunger
a - Call Imp              Summ           ###.....     2%          2    None
b - Call Canine Familiar  Summ           ###.....     6%          3    None
c - Stoneskin             Trmt/Erth      ###.....     6%          2    None


Dungeon Overview and Level Annotations

Branches:
Dungeon (14/15)            Temple (1/1) D:5            Lair (8/8) D:8
 Shoals (5/5) Lair:4       Spider (0/5) Lair:5        Slime (1/6) Lair:7
    Orc (1/4) D:9          Vaults (4/5) D:13
  Crypt: Vaults:2-3

Altars:
Ashenzari
Cheibriados
Dithmenos
Elyvilon
Fedhas
Gozag
Kikubaaqudgha
Makhleb
Nemelex Xobeh
Okawaru
Qazlal
Ru
Sif Muna
Trog
Vehumet
Xom
Yredelemnul
Zin
The Shining One
Beogh

Shops:
D:11 (


Innate Abilities, Weirdness & Mutations

You are resistant to torment.
You are immune to poison.
You can fly continuously.
Your stone body is very resilient (AC +13).
Your wings are large and strong.
You resist negative energy.
You are resistant to electric shocks.
You can survive without breathing.
You are immune to petrification.
You are immune to rotting.


Message History

Your Fighting skill increases to level 15!
The deep troll bites you!!
* * * LOW HITPOINT WARNING * * *
The deep troll closely misses you. You block the deep troll's attack.
The stone giant throws a large rock.
You block the large rock.
Drink which item? (? for menu, Esc to quit)
You feel much better.
The deep troll bites you but does no damage.
You block the deep troll's attack. x2
The ironbrand convoker points at something and mumbles some strange words.
You impale the deep troll!!
The deep troll is heavily wounded.
You block the tentacled monstrosity's attack. x2
The tentacled monstrosity tentacle-slaps you!
* * * LOW HITPOINT WARNING * * *
The tentacled monstrosity grabs you.
* * * LOW HITPOINT WARNING * * *
The tentacled monstrosity constricts you.
You block the deep troll's attack. The deep troll claws you!
You die...

### #T# #@#
# #X##..##
#C.)uu.#
#p##..####
#.# ###<#
'.# #.u.#
### #..G..#
p..#.#..c
.####u####.


You could see a tentacled monstrosity, a stone giant, a deep troll and an
ironbrand convoker.

Vanquished Creatures
  Polyphemus (Shoals:3)
  A sphinx (Vaults:2)
  Kirke (Shoals:1)
  6 vault wardens
  Louise (Shoals:1)
  6 ironheart preservers
  Jorgrun (Shoals:3)
  2 very ugly things (Vaults:2)
  3 stone giants (Vaults:2)
  A deep elf demonologist (Vaults:1)
  The ghost of EdwardR the Cleaver, a powerful MiFi of the Shining One (D:12)
  8 merfolk javelineers
  7 merfolk impalers
  14 vault guards
  3 fire dragons
  A great orb of eyes (Vaults:3)
  Harold (Lair:3)
  2 ice dragons (Vaults:2)
  4 yaktaur captains
  A hydra (shapeshifter) (Vaults:2)
  Nessos (D:11)
  2 merfolk avatars
  5 centaur warriors
  6 ogre magi
  11 hydras
  6 merfolk aquamancers
  2 satyrs (Shoals:5)
  7 death yaks
  A deep troll shaman (Lair:8)
  The ghost of Tyryt0 the Blocker, an experienced FoFi of Trog (D:7)
  2 fire crabs
  Nergalle (Lair:4)
  A large abomination (Vaults:3)
  2 catoblepae
  2 fire crabs (shapeshifter) (Vaults:2)
  10 skeletal warriors (Vaults:1)
  2 deep elf knights (Vaults:2)
  9 orc knights
  A shadow wraith (Vaults:1)
  11 sea snakes
  34 harpies
  2 deep elf summoners (Vaults:2)
  Pikel (D:7)
  8 ironbrand convokers
  3 hill giants
  20 manticores
  2 wolf spiders
  8 cyclopes
  An orc sorcerer (D:13)
  9 griffons
  13 ugly things
  A deep elf conjurer (Vaults:3)
  A cyclops (shapeshifter) (Vaults:2)
  7 black mambas
  5 water nymphs
  2 hornets
  3 toenail golems (Volcano)
  17 elephants
  Maurice (D:9)
  15 fauns
  12 sirens
  Joseph (D:12)
  A gargoyle (D:11)
  A centaur skeleton (D:11)
  10 vault sentinels
  Psyche (D:11)
  4 komodo dragons
  10 spiny frogs
  A demonic crawler (Vaults:2)
  3 trolls
  12 yaktaurs
  A freezing wraith (Vaults:2)
  A queen bee (Lair:3)
  3 fire drakes
  A two-headed ogre (shapeshifter) (Vaults:1)
  A polar bear (shapeshifter) (Vaults:1)
  Sonja (D:12)
  34 merfolk
  26 blink frogs
  8 snapping turtles
  3 boulder beetles
  9 two-headed ogres
  14 slime creatures
  3 wind drakes
  2 basilisks
  A human simulacrum (Vaults:2)
  4 trapdoor spiders (Lair:5)
  2 redbacks (Vaults:2)
  2 shadows (D:11)
  3 wraiths
  17 water elementals
  A deep elf mage (Vaults:2)
  A steam dragon (D:10)
  14 hippogriffs
  3 fire bats (Orc:1)
  Grum (D:12)
  4 vampire mosquitoes (D:13)
  42 yaks
  5 hogs (Shoals:1)
  8 humans
  5 deep elf fighters
  2 hungry ghosts
  2 wargs
  7 water moccasins
  9 wolves
  2 insubstantial wisps (D:10)
  10 porcupines
  5 sky beasts
  27 orc warriors
  A mottled dragon (Vaults:1)
  A soldier ant (D:10)
  4 phantoms
  A necrophage (D:6)
  6 ice beasts
  25 ogres
  4 boggarts (Vaults:3)
  3 black bears
  10 centaurs
  Duvessa (D:6)
  A big kobold (D:8)
  A boring beetle (shapeshifter) (Vaults:1)
  13 giant frogs
  12 crocodiles
  A gnoll sergeant (D:8)
  A wyvern zombie (D:11)
  4 scorpions
  2 wyvern skeletons
  A glowing shapeshifter simulacrum (Vaults:3)
  33 killer bees
  17 wights
  The ghost of Luckoftehdraw the Covered, a weakling GrFi (D:3)
  4 goliath beetles
  Dowan (D:6)
  7 crimson imps
  3 giant frog zombies
  2 quasits
  12 hounds
  A jelly (D:10)
  2 giant frog skeletons
  17 orc priests
  7 orc wizards
  3 iguanas
  A spectral orc (Lair:4)
  8 hell rats
  8 worker ants
  61 sheep
  Ijyb (D:7)
  A hound zombie (D:11)
  A hound skeleton (D:10)
  Robin (D:4)
  9 gnolls
  A worker ant zombie (D:6)
  30 adders
  2 shadow imps
  A giant mite (D:9)
  50 river rats
  6 worms
  An adder zombie (D:5)
  An ooze (D:4)
  103 orcs
  2 bat skeletons
  5 giant cockroaches
  14 hobgoblins
  2 jackals (D:7)
  7 quokkas
  A ball python (D:4)
  11 bats
  3 giant geckos
  4 giant newts
  3 giant spores
  26 goblins
  A jackal zombie (D:7)
  7 kobolds
  A quokka skeleton (D:7)
  18 rats
  20 ballistomycetes
  2 fungi
  7 plants
1263 creatures vanquished.

Vanquished Creatures (others)
  An ogre mage (Vaults:1)
  A wolf spider (shapeshifter) (Vaults:2)
  A drowned soul (Shoals:2)
  A two-headed ogre (Vaults:2)
  A deep elf fighter (Vaults:1)
  An orc warrior (Vaults:2)
  An ogre (Vaults:2)
  A boggart (Vaults:3)
  An iron imp (D:9)
  An orc (Vaults:2)
  2 quokkas
  A giant spore (D:4)
  A kobold (D:8)
  2 fungi
  6 plants
22 creatures vanquished.

Grand Total: 1285 creatures vanquished

Notes
Turn   | Place    | Note
--------------------------------------------------------------
     0 | D:1      | Luckoftehdraw, the Gargoyle Fighter, began the quest for the Orb.
     0 | D:1      | Reached XP level 1. HP: 14/14 MP: 1/1
   116 | D:1      | Reached XP level 2. HP: 19/19 MP: 2/2
   458 | D:1      | Reached XP level 3. HP: 23/23 MP: 3/3
   784 | D:3      | Noticed Luckoftehdraw's ghost (weakling GrFi)
   810 | D:2      | HP: 1/23 [adder (2)]
   815 | D:2      | HP: 1/23 [adder (1)]
   823 | D:2      | Reached skill level 4 in Armour
  1260 | D:2      | Reached XP level 4. HP: 25/29 MP: 4/4
  1818 | D:5      | Entered Level 5 of the Dungeon
  1963 | D:3      | Reached XP level 5. HP: 33/33 MP: 5/5
  1975 | D:3      | Killed Luckoftehdraw's ghost
  2101 | D:3      | Reached skill level 5 in Shields
  2453 | D:3      | Reached XP level 6. HP: 38/38 MP: 6/6
  2718 | D:4      | Found a shattered altar of Ashenzari.
  2780 | D:4      | Noticed Robin
  2798 | D:4      | Killed Robin
  2844 | D:4      | Found a white marble altar of Elyvilon.
  3533 | D:5      | Noticed an ice beast
  3537 | D:5      | Noticed an ice beast
  3737 | D:6      | Reached skill level 5 in Armour
  3737 | D:6      | Reached XP level 7. HP: 24/44 MP: 7/7
  3861 | D:6      | Reached skill level 5 in Fighting
  3912 | D:5      | Got a warped whip
  3913 | D:5      | Identified the +5 whip "Ydenoim" {speed, rElec rN+ MR+} (You found it on level 5 of the Dungeon)
  3989 | D:5      | Killed an ice beast
  3989 | D:5      | Reached skill level 6 in Shields
  4039 | D:5      | Killed an ice beast
  4039 | D:5      | Reached XP level 8. HP: 34/50 MP: 8/8
  4087 | D:5      | Found a staircase to the Ecumenical Temple.
  4172 | Temple   | Entered the Ecumenical Temple
  4513 | D:5      | Found a white marble altar of Elyvilon.
  4513 | D:5      | Noticed an orc warrior
  4538 | D:5      | HP: 2/51 [orc warrior/short sword (3)]
  4852 | Temple   | Killed an orc warrior
  4852 | Temple   | Reached skill level 1 in Maces & Flails
  5342 | D:5      | Found an iron altar of Okawaru.
  5342 | D:5      | Noticed a centaur
  5352 | D:5      | Killed a centaur
  5361 | D:5      | Became a worshipper of Warmaster Okawaru
  5637 | D:6      | Reached skill level 7 in Shields
  5918 | D:6      | Found a burning altar of Makhleb.
  5946 | D:6      | Reached XP level 9. HP: 30/56 MP: 8/10
  6073 | D:6      | Found a burning altar of Makhleb.
  6074 | D:6      | Found an opulent altar of Gozag.
  6105 | D:6      | Noticed Dowan
  6108 | D:6      | Noticed Duvessa
  6119 | D:6      | Killed Duvessa
  6119 | D:6      | Reached skill level 1 in Spellcasting
  6136 | D:6      | Killed Dowan
  6240 | Temple   | Learned a level 1 spell: Summon Small Mammal
  6314 | D:7      | Acquired Okawaru's first power
  6370 | D:7      | Noticed Ijyb
  6384 | D:7      | Killed Ijyb
  6703 | D:7      | Reached skill level 8 in Shields
  6761 | D:7      | Noticed Tyryt0's ghost (experienced FoFi)
  6790 | D:7      | Killed Tyryt0's ghost
  6790 | D:7      | Reached skill level 1 in Invocations
  6790 | D:7      | Reached XP level 10. HP: 48/64 MP: 18/20
  6902 | D:7      | Noticed Pikel
  6916 | D:7      | Killed Pikel
  6916 | D:7      | Reached skill level 1 in Summonings
  6921 | D:7      | Reached skill level 5 in Maces & Flails
  7235 | D:8      | Noticed a centaur warrior
  7257 | D:8      | Killed a centaur warrior
  7257 | D:8      | Reached skill level 9 in Shields
  7389 | D:8      | Noticed an elephant
  7417 | D:8      | Killed an elephant
  7473 | D:8      | Found a staircase to the Lair.
  7679 | D:8      | Found a sparkling altar of Nemelex Xobeh.
  7910 | D:9      | Got a pair of scorched boots
  7916 | D:9      | Identified the cursed -2 pair of boots of Feerih {rC+ Stlth+} (You found it on level 9 of the Dungeon)
  7957 | Lair:1   | Entered Level 1 of the Lair of Beasts
  7998 | Lair:1   | Reached skill level 5 in Spellcasting
  7998 | Lair:1   | Reached XP level 11. HP: 62/68 MP: 19/23
  8026 | Lair:1   | Noticed a seven-headed hydra
  8042 | Lair:1   | Killed a seven-headed hydra
  8042 | Lair:1   | Acquired Okawaru's second power
  8185 | Lair:1   | Noticed a four-headed hydra
  8200 | Lair:1   | Killed a four-headed hydra
  8241 | Lair:1   | Noticed a five-headed hydra
  8262 | Lair:1   | Killed a five-headed hydra
  8285 | Lair:1   | Reached skill level 10 in Shields
  8459 | Lair:1   | Received a gift from Okawaru
  8460 | Lair:1   | Got an ichor-stained morningstar {god gift}
  8461 | Lair:1   | Identified the +6 morningstar of Inference {crush, rPois+ rF++ rC+ rN+ Int+4} (Okawaru gifted it to you on level 1 of the Lair of Beasts)
  8618 | Lair:3   | Found a shadowy altar of Dithmenos.
  9198 | Lair:2   | Reached XP level 12. HP: 36/76 MP: 25/25
  9814 | Lair:3   | Noticed Harold
  9833 | Lair:3   | Killed Harold
  9921 | Lair:3   | Reached skill level 5 in Summonings
 10010 | Lair:3   | Noticed a four-headed hydra
 10050 | Lair:3   | Received a gift from Okawaru
 10108 | Lair:3   | Killed a four-headed hydra
 10108 | Lair:3   | Reached skill level 11 in Shields
 10920 | Lair:4   | Received a gift from Okawaru
 10920 | Lair:4   | Reached skill level 10 in Armour
 10921 | Lair:4   | Got a scorched helmet {god gift}
 10934 | Lair:4   | Identified the +0 helmet "Yceef" {Int-6 SInv} (Okawaru gifted it to you on level 4 of the Lair of Beasts)
 10985 | Lair:4   | Reached XP level 13. HP: 39/82 MP: 26/28
 11009 | Lair:4   | Noticed Nergalle
 11045 | Lair:4   | Killed Nergalle
 11045 | Lair:4   | Reached skill level 10 in Fighting
 11095 | Lair:4   | Found a staircase to the Shoals.
 11214 | Lair:4   | Found a stormy altar of Qazlal.
 12087 | Lair:5   | Found a hole to the Spider Nest.
 12586 | Lair:5   | Identified a scroll of acquirement
 12587 | Lair:5   | Got a pair of spiked boots
 12599 | Lair:5   | Identified the +1 pair of boots of Pyunom {+Blink Int-4 Dex-4} (You acquired it on level 5 of the Lair of Beasts)
 12889 | Lair:6   | Reached skill level 12 in Shields
 14113 | Temple   | Gained mutation: You expend magic power (3 MP) to slightly strengthen your wands. [potion of mutation]
 14113 | Temple   | Gained mutation: You are robust (+10% HP). [potion of mutation]
 14113 | Temple   | Lost mutation: You are robust (+10% HP). [potion of mutation]
 14601 | Lair:8   | Entered Level 8 of the Lair of Beasts
 14606 | Lair:7   | Reached skill level 10 in Maces & Flails
 14828 | Lair:7   | Received a gift from Okawaru
 14829 | Lair:7   | Got an ichor-stained shield {god gift}
 14840 | Lair:7   | Identified the +3 shield of Tartarus {rElec MP-9 Int+4 Dex+3} (Okawaru gifted it to you on level 7 of the Lair of Beasts)
 14891 | Lair:7   | Found a staircase to the Slime Pits.
 15636 | Lair:8   | Reached skill level 13 in Shields
 15685 | Lair:8   | Reached skill level 1 in Evocations
 15800 | Lair:8   | Gained mutation: Your wings are large and strong. [gargoyle growth]
 15800 | Lair:8   | Reached XP level 14. HP: 85/88 MP: 19/30
 16226 | Lair:8   | Received a gift from Okawaru
 16239 | Lair:8   | Reached skill level 5 in Invocations
 16250 | Lair:8   | Reached skill level 14 in Shields
 16916 | Lair:7   | Received a gift from Okawaru
 16980 | Slime:1  | Entered Level 1 of the Pits of Slime
 17115 | Shoals:1 | Entered Level 1 of the Shoals
 17168 | Shoals:1 | Noticed Kirke
 17240 | Shoals:1 | Killed Kirke
 17286 | Shoals:1 | Noticed Louise
 17312 | Shoals:1 | Killed Louise
 17357 | Shoals:1 | Received a gift from Okawaru
 17401 | Shoals:1 | Got a crude broad axe {god gift}
 17403 | Shoals:1 | Identified the +2 broad axe "Gonael" {venom, rN+ Stlth+} (Okawaru gifted it to you on level 1 of the Shoals)
 17548 | Shoals:1 | Reached skill level 15 in Shields
 17620 | Shoals:1 | Reached XP level 15. HP: 35/96 MP: 21/32
 17921 | Shoals:1 | Received a gift from Okawaru
 18511 | Shoals:2 | Reached skill level 16 in Shields
 18939 | Shoals:2 | Received a gift from Okawaru
 18940 | Shoals:2 | Got a faintly glowing large shield {god gift}
 18952 | Shoals:2 | Identified the +8 large shield "Eqinov" {MP+9 Str+6} (Okawaru gifted it to you on level 2 of the Shoals)
 19464 | Shoals:3 | Reached skill level 17 in Shields
 19690 | Shoals:4 | Noticed Polyphemus
 19690 | Shoals:4 | Noticed Jorgrun
 19714 | Shoals:3 | Killed Jorgrun
 20065 | Shoals:3 | Killed Polyphemus
 20065 | Shoals:3 | Received a gift from Okawaru
 20065 | Shoals:3 | Reached XP level 16. HP: 53/103 MP: 33/33
 20473 | Shoals:3 | Lost mutation: You expend magic power (3 MP) to slightly strengthen your wands. [potion of cure mutation]
 20932 | Shoals:4 | Reached skill level 18 in Shields
 21082 | Shoals:5 | Entered Level 5 of the Shoals
 21102 | Shoals:5 | Received a gift from Okawaru
 21257 | Shoals:5 | Got a barnacled rune of Zot
 21839 | Shoals:5 | Received a gift from Okawaru
 21876 | Shoals:5 | Reached XP level 17. HP: 84/109 MP: 33/33
 21898 | Shoals:5 | Identified the Almanac of Ashen Companions (You found it on level 5 of the Shoals)
 22340 | Temple   | Learned a level 2 spell: Call Imp
 22344 | Temple   | Learned a level 3 spell: Call Canine Familiar
 22440 | D:10     | Entered Level 10 of the Dungeon
 22536 | D:9      | Found a blossoming altar of Fedhas.
 22753 | D:9      | Noticed Maurice
 22767 | D:9      | Killed Maurice
 22768 | D:9      | Found a staircase to the Orcish Mines.
 22828 | D:10     | Reached skill level 19 in Shields
 23594 | Orc:1    | Entered Level 1 of the Orcish Mines
 23921 | Orc:1    | Found a dark tunnel.
 23943 | Volcano  | Entered a volcano
 24627 | D:11     | Learned a level 2 spell: Stoneskin
 24734 | D:12     | Noticed Joseph
 24742 | D:12     | Killed Joseph
 24846 | D:12     | Got a spiked scale mail
 24857 | D:12     | Found a burning altar of Makhleb.
 24880 | D:12     | Noticed Grum
 24885 | D:12     | Killed Grum
 24899 | D:12     | Noticed EdwardR's ghost (powerful MiFi)
 24911 | D:12     | Killed EdwardR's ghost
 24971 | D:12     | Reached skill level 10 in Spellcasting
 24985 | D:12     | Noticed Sonja
 24990 | D:12     | Killed Sonja
 25393 | D:12     | Reached skill level 1 in Earth Magic
 25627 | D:11     | Got a pitted chain mail
 25639 | D:11     | Identified the cursed +0 scale mail of Indomitability {MR+ Int-3 SInv} (You found it on level 12 of the Dungeon)
 25664 | D:11     | Identified the +6 chain mail of Sutir {rElec Int-4 Dex+2 Stlth+} (You found it on level 11 of the Dungeon)
 25869 | D:11     | Noticed Nessos
 25887 | D:11     | Killed Nessos
 26741 | D:11     | Noticed Psyche
 26747 | D:11     | Killed Psyche
 26759 | D:11     | Got a jewelled scale mail
 26788 | D:11     | Found a sacrificial altar of Ru.
 26861 | D:11     | Found Phaetat's Antique Weapon Emporium.
 26867 | D:11     | Bought a transparent morningstar for 306 gold pieces
 26867 | D:11     | Bought a polished trident for 289 gold pieces
 26971 | D:11     | Received a gift from Okawaru
 26982 | D:11     | Identified the +8 trident of Shouny {pierce, Dex+4} (You bought it in a shop on level 11 of the Dungeon)
 26984 | D:11     | Identified the cursed +3 morningstar of Corporal Punishment {flame, rF- MR++ Int+4} (You bought it in a shop on level 11 of the Dungeon)
 26997 | D:11     | Identified the +5 scale mail "Ykkankysm" {rElec} (You found it on level 11 of the Dungeon)
 27333 | D:13     | Found a roughly hewn altar of Beogh.
 27820 | D:13     | Found a gate to the Vaults.
 28387 | Vaults:1 | Entered Level 1 of the Vaults
 28922 | Vaults:1 | Received a gift from Okawaru
 29032 | Vaults:1 | Reached XP level 18. HP: 113/116 MP: 35/35
 29096 | Vaults:1 | Reached skill level 5 in Earth Magic
 29252 | Vaults:1 | Reached skill level 15 in Maces & Flails
 29758 | Vaults:1 | Received a gift from Okawaru
 30677 | Vaults:2 | Found a portal to a secret trove of treasure.
 30852 | Vaults:2 | Reached skill level 20 in Shields
 30968 | Vaults:2 | Received a gift from Okawaru
 31136 | Vaults:3 | Reached XP level 19. HP: 89/122 MP: 36/36
 31342 | Vaults:2 | Got a shimmering arbalest
 31348 | Vaults:2 | Identified the +7 arbalest "Scheaj" {elec, rC- MP+9 Int+4 SInv Stlth+} (You found it on level 2 of the Vaults)
 31432 | Vaults:2 | Received a gift from Okawaru
 31831 | Trove    | Entered a treasure trove
 32294 | Vaults:3 | Noticed a lich
 32345 | Vaults:3 | Reached skill level 15 in Fighting
 32345 | Vaults:3 | HP: 1/124 [deep troll[an ironheart preserver] (21)]
 32347 | Vaults:3 | Slain by a deep troll

Action                   |  1- 3 |  4- 6 |  7- 9 | 10-12 | 13-15 | 16-18 | 19-21 || total
-------------------------+-------+-------+-------+-------+-------+-------+-------++-------
Melee: War axe           |   123 |   256 |    40 |       |       |       |       ||   419
       Whip              |       |       |   475 |   343 |       |       |       ||   818
       Morningstar       |       |       |       |   475 |  1152 |  1810 |   213 ||  3650
       Staff             |       |       |       |       |       |    26 |       ||    26
 Cast: Summon Small Mamm |       |       |       |     3 |     1 |       |       ||     4
       Stoneskin         |       |       |       |       |       |     2 |       ||     2
       Call Imp          |       |       |       |       |       |     1 |       ||     1
Invok: Heroism           |       |       |     3 |    20 |    49 |    51 |     2 ||   125
       Finesse           |       |       |       |     3 |     5 |     3 |       ||    11
 Abil: Evoke Blink       |       |       |       |       |    14 |       |       ||    14
       Fly               |       |       |       |       |     1 |       |       ||     1
Evoke: Deck              |       |       |       |       |       |     2 |       ||     2
  Use: Scroll            |       |     3 |     2 |     2 |    18 |    16 |     7 ||    48
       Potion            |       |       |     3 |       |    11 |     1 |     2 ||    17
 Stab: Petrified         |       |       |       |       |     1 |       |       ||     1
  Eat: Chunk             |     1 |     9 |     9 |    14 |    29 |    20 |     1 ||    83
       Beef jerky        |       |       |     1 |       |     1 |     2 |     1 ||     5
       Royal jelly       |       |       |       |     1 |       |       |       ||     1
       Fruit             |       |       |       |       |     6 |     2 |       ||     8
       Meat ration       |       |       |       |       |       |     3 |       ||     3
       Pizza             |       |       |       |       |       |     2 |       ||     2
